 Dungeon Crawl Stone Soup version 0.29.1-15-g9cfb28693d (webtiles) character file.

Game seed: 4209501051394998274

6488 booth the Cleaver (level 10, -19/79 HPs)
             Began as a Demonspawn Gladiator on Apr 21, 2023.
             Was an Elder of Dithmenos.
             Demolished by a two-headed ogre
             ... wielding a +0 giant club
              (26 damage)
             ... on level 9 of the Dungeon on Apr 22, 2023.
             The game lasted 00:54:54 (9330 turns).

booth the Cleaver (Demonspawn Gladiator)            Turns: 9330, Time: 00:54:54

Health: -19/79     AC: 22    Str: 19    XL:     10   Next: 68%
Magic:  10/10      EV: 14    Int: 10    God:    Dithmenos [****..]
Gold:   485        SH:  0    Dex: 14    Spells: 9/9 levels left

rFire   . . .      SeeInvis .   a - +1 war axe
rCold   . . .      Faith    .   (no shield)
rNeg    . . .      Spirit   .   C - +2 swamp dragon scales
rPois   +          Reflect  .   L - +2 hat
rElec   .          Harm     .   g - +1 cloak
rCorr   .          Rampage  .   r - +2 pair of gloves
Will    .....                   (no boots)
Stlth   +.........              (no amulet)
HPRegen 0.23/turn               p - +4 ring of protection
MPRegen 0.12/turn               (no ring)

@: wreathed by umbra
A: hooves 2, ignite blood 2, sharp scales 2
a: Renounce Religion, Shadow Step


You were on level 9 of the Dungeon.
You worshipped Dithmenos.
Dithmenos was greatly pleased with you.
You visited 1 branch of the dungeon, and saw 9 of its levels.
You also visited: Ossuary.

You collected 485 gold pieces.

Inventory:

Hand Weapons
 a - a +1 war axe (weapon)
 h - a +0 mace
Missiles
 d - 3 throwing nets (quivered)
 e - 3 javelins
 i - 28 poisoned darts
 l - 12 boomerangs
 u - 3 silver boomerangs
 G - a boomerang of dispersal
 H - 3 datura-tipped darts
Armour
 b - a +0 leather armour
 c - a +0 helmet
 g - a +1 cloak (worn)
 r - a +2 pair of gloves (worn)
 C - +2 swamp dragon scales (worn)
 L - a +2 hat (worn)
 M - a +1 leather armour of cold resistance
Jewellery
 j - a ring of magical power
 p - a +4 ring of protection (left hand)
 F - a ring of fire
Wands
 n - a wand of roots (21)
 y - a wand of light (5)
 J - a wand of polymorph (6)
Scrolls
 k - a scroll of butterflies
 q - a scroll of fear
 t - a scroll of amnesia
 v - 2 scrolls of teleportation
 I - a scroll of blinking {unknown}
 K - a scroll of vulnerability {unknown}
Potions
 f - 3 potions of brilliance
 m - a potion of might
 o - 2 potions of attraction
 s - 4 potions of curing
 w - a potion of haste
 z - 2 potions of magic
 A - 2 potions of heal wounds
 B - a potion of resistance {unknown}
 D - 3 potions of mutation {unknown}


   Skills:
 + Level 7.5 Fighting
 * Level 9.9 Axes
 + Level 7.0 Throwing
 + Level 7.3 Dodging


You had 9 spell levels left.
You didn't know any spells.
Your spell library contained the following spells:

 Spells                   Type           Power      Damage    Failure   Level
 Beastly Appendage        Tmut           0%         N/A       54%         1
 Foxfire                  Conj/Fire      0%         2x1d4     54%         1
 Sublimation of Blood     Necr           0%         N/A       69%         2
 Wereblood                Tmut           0%         N/A       69%         2
 Conjure Flame            Conj/Fire      0%         6-21      89%         3
 Inner Flame              Hex/Fire       0%         N/A       89%         3
 Spider Form              Tmut/Pois      0%         N/A       89%         3
 Flame Wave               Conj/Fire      0%         2d4       100%        4


Dungeon Overview and Level Annotations

Branches:
Dungeon (9/15)             Temple (0/1) D:4         Ossuary (visited)
   Lair: D:8-11         Orc: D:9-12

Altars:
Cheibriados
Dithmenos
Kikubaaqudgha
Vehumet

Shops:
D:4 =   D:8 :

Annotations:
D:6 1 runed translucent door, croobank's ghost, novice OpCj


Innate Abilities, Weirdness & Mutations

You have hoof-like feet.
Your demonic aura often causes spilled blood to erupt in flames.
You are mostly covered in razor-sharp scales. (AC +2, Slay +2)


Message History

Found 24 gold pieces.
Found 3 stones.
Found a potion of magic.
q - a scroll of fear
Found a dire flail.
Found 2 potions of haste.
You now have 485 gold pieces (gained 24).
You see here a +0 dire flail.
The two-headed ogre shouts in stereo!
You see here a potion of magic.
z - 2 potions of magic (gained 1)
A centaur comes into view.
You barely miss the two-headed ogre.
The centaur shouts!
The two-headed ogre hits you with a +0 giant club!!
The two-headed ogre completely misses you.
You barely miss the two-headed ogre. You kick the two-headed ogre.
The two-headed ogre is lightly wounded.
The two-headed ogre closely misses you.
The two-headed ogre hits you with a +0 giant spiked club!!
You barely miss the two-headed ogre.
The two-headed ogre is lightly wounded.
You slash the two-headed ogre!
The two-headed ogre is moderately wounded.
The two-headed ogre barely misses you.
The two-headed ogre hits you with a +0 giant spiked club!
* * * LOW HITPOINT WARNING * * *
You hit the two-headed ogre.
You kick the two-headed ogre, but do no damage.
The two-headed ogre is moderately wounded.
The two-headed ogre hits you with a +0 giant club!
* * * LOW HITPOINT WARNING * * *
The two-headed ogre completely misses you.
You feel much better.
As you read the scroll of butterflies, it crumbles to dust.
You hear the tinkle of a tiny bell.
The two-headed ogre hits you with a +0 giant club!
* * * LOW HITPOINT WARNING * * *
The two-headed ogre hits you with a +0 giant spiked club!!
You die...

.###.......###...
..#........#.... .......
..............####...!...
...........##........#...
###.........##...........
#.......................
#............bbb.......
#...##........bbbbb.#
.... #..>.....b°@Oc# ####
#........bbb#b......
##.######b#b#####... ...#
#.#.##...... #.###
#.#....## #. #)......#
#..####.# #..# .. ....#
..


You could see a two-headed ogre (ally target) and a centaur.

Vanquished Creatures
  Gastronok (D:7)
  A two-headed ogre (D:9)
  Pikel (D:7)
  A deep elf pyromancer (D:8)
  Maggie (D:7)
  Prince Ribbit (D:7)
  A hornet (D:9)
  A shadow (D:9)
  2 wyverns
  A steam dragon (D:7)
  2 water moccasins
  An orc warrior (D:8)
  3 centaurs
  An ogre (D:6)
  A phantom (D:6)
  6 bullfrogs
  A kobold brigand (D:8)
  A gnoll sergeant (D:8)
  A scorpion (D:4)
  A howler monkey (D:7)
  4 centaur zombies (Ossuary)
  6 jellies
  2 hounds
  3 orc priests
  Crazy Yiuf (D:2)
  Terence (D:3)
  Jessica (D:2)
  2 gnoll boudas
  5 iguanas
  8 orc wizards
  5 mummies (Ossuary)
  6 adders
  18 gnolls
  2 shadow imps
  2 white imps
  3 ufetubi
  2 dart slugs
  41 orcs
  A bat (D:1)
  5 endoplasms
  11 giant cockroaches
  6 goblins
  7 hobgoblins
  2 jackals (D:3)
  6 quokkas
  5 ball pythons
  6 frilled lizards
  4 hobgoblin zombies (Ossuary)
  10 kobolds
  9 rats
213 creatures vanquished.

Vanquished Creatures (others)
  A fungus (D:2)
  4 plants (D:2)
5 creatures vanquished.

Grand Total: 218 creatures vanquished

Notes
Turn   | Place    | Note
-------+----------+-------------------------------------------
     0 | D:1      | booth the Demonspawn Gladiator began the quest for the Orb.
     0 | D:1      | Reached XP level 1. HP: 16/16 MP: 1/1
     2 | D:1      | Noticed a ghoul
     4 | D:1      | Noticed a naga
     4 | D:1      | Noticed a vine stalker
     6 | D:1      | Noticed a palentonga
     6 | D:1      | Noticed a troll
     8 | D:1      | Noticed a spriggan
     8 | D:1      | Noticed a demonspawn
    10 | D:1      | Noticed a tengu
    10 | D:1      | Noticed a draconian
    12 | D:1      | Noticed a meteoran
    12 | D:1      | Noticed a minotaur
    14 | D:1      | Noticed a vampire
    14 | D:1      | Noticed an elf
    16 | D:1      | Noticed a felid
    16 | D:1      | Noticed an octopode
    18 | D:1      | Noticed a demigod
    18 | D:1      | Noticed a formicid
    20 | D:1      | Noticed a human
    20 | D:1      | Noticed a merfolk
    24 | D:1      | Noticed a demonspawn
    24 | D:1      | Noticed a gargoyle
    26 | D:1      | Noticed a demonspawn
    26 | D:1      | Noticed a formicid
   322 | D:1      | Gained mutation: Your demonic aura sometimes causes spilled
                  | blood to erupt in flames. [demonic ancestry]
   322 | D:1      | Reached XP level 2. HP: 17/22 MP: 2/2
   470 | D:1      | Reached skill level 3 in Axes
  1067 | D:2      | Gained mutation: You are partially covered in razor-sharp
                  | scales. (AC +1, Slay +1) [demonic ancestry]
  1067 | D:2      | Reached XP level 3. HP: 26/28 MP: 3/3
  1089 | D:2      | Found a runed translucent door.
  1342 | D:2      | Found a faded altar of an unknown god.
  1356 | D:2      | Prayed at the altar of an unknown god.
  1356 | D:2      | Became a worshipper of Dithmenos the Shadowed
  1356 | D:2      | Reached * piety under Dithmenos
  1721 | D:2      | Noticed Jessica
  1725 | D:2      | Killed Jessica
  1726 | D:2      | Reached XP level 4. HP: 34/34 MP: 4/4
  1740 | D:2      | Got Jessica's Verses on Stolen Souls
  1907 | D:2      | Noticed Crazy Yiuf
  1918 | D:2      | Killed Crazy Yiuf
  2027 | D:3      | Noticed Terence
  2046 | D:3      | Killed Terence
  2302 | D:3      | Gained mutation: You are mostly covered in razor-sharp
                  | scales. (AC +2, Slay +2) [demonic ancestry]
  2302 | D:3      | Reached XP level 5. HP: 38/40 MP: 5/5
  2513 | D:3      | Reached ** piety under Dithmenos
  2580 | D:3      | Reached skill level 4 in Axes
  2777 | D:4      | Reached XP level 6. HP: 36/47 MP: 6/6
  3269 | D:4      | Found a staircase to the Ecumenical Temple.
  3348 | D:4      | Reached skill level 5 in Axes
  3348 | D:4      | Reached XP level 7. HP: 43/53 MP: 7/7
  3675 | D:4      | Found Ytiesas's Jewellery Shoppe.
  3741 | D:5      | Entered Level 5 of the Dungeon
  3835 | D:5      | Found a snail-covered altar of Cheibriados.
  3884 | D:5      | Reached *** piety under Dithmenos
  4199 | D:5      | Found a sand-covered staircase.
  4209 | Ossuary  | Entered an ossuary
  4954 | D:5      | Found a shadowy altar of Dithmenos.
  5088 | D:6      | Reached skill level 6 in Axes
  5088 | D:6      | Gained mutation: You have large cloven feet. [demonic
                  | ancestry]
  5088 | D:6      | Reached XP level 8. HP: 60/61 MP: 8/8
  5545 | D:6      | Found an ancient bone altar of Kikubaaqudgha.
  5587 | D:6      | Reached skill level 5 in Dodging
  5589 | D:6      | Reached **** piety under Dithmenos
  5602 | D:6      | Found a runed translucent door.
  5822 | D:6      | Noticed croobank's ghost (novice OpCj)
  6278 | D:7      | Reached skill level 5 in Fighting
  6295 | D:7      | Noticed Prince Ribbit
  6323 | D:7      | Killed Prince Ribbit
  6324 | D:7      | Reached skill level 7 in Axes
  6324 | D:7      | Reached skill level 5 in Throwing
  6401 | D:7      | Gained mutation: You have hoof-like feet. [demonic
                  | ancestry]
  6401 | D:7      | Reached XP level 9. HP: 50/68 MP: 9/9
  6460 | D:7      | Noticed Pikel
  6472 | D:7      | Killed Pikel
  6473 | D:7      | Reached skill level 8 in Axes
  6783 | D:7      | Noticed Maggie
  6795 | D:7      | Killed Maggie
  7000 | D:8      | Noticed Gastronok
  7045 | D:7      | Killed Gastronok
  7046 | D:7      | Gained mutation: Your demonic aura often causes spilled
                  | blood to erupt in flames. [demonic ancestry]
  7046 | D:7      | Reached XP level 10. HP: 36/77 MP: 10/10
  7089 | D:8      | Reached skill level 9 in Axes
  8335 | D:8      | Found a radiant altar of Vehumet.
  8555 | D:8      | Noticed a deep elf pyromancer
  8570 | D:8      | Killed a deep elf pyromancer
  8758 | D:8      | Found Uwemof's Book Boutique.
  9023 | D:9      | Noticed a two-headed ogre
  9024 | D:9      | Noticed a two-headed ogre
  9043 | D:9      | Killed a two-headed ogre
  9330 | D:9      | Demolished by a two-headed ogre

Illustrated notes

Levels and vault maps discovered:
D:1:      kb_arrival_jail, layout_rooms, minmay_tiny_reverse_x
D:2:      layout_basic, shapermc_ecumenical_altar_petra,
          kennysheep_jessica_study, uniq_crazy_yiuf_cottage
D:3:      minmay_roachtagon, layout_rooms, uniq_terence
D:4:      layout_basic, elyvilon_altar_1, temple_statues, serial_shops,
          kennysheep_mini_moat
D:5:      layout_basic, mainiacjoe_overflow_catch_the_wave,
          chequers_ossuary_entry_cave, kennysheep_generic_room_6
D:6:      layout_gridville, kiku_gazebo_pond_becter,
          hellmonk_ghost_happy_afterlife, nicolae_underground_beach
D:7:      layout_rooms, kennysheep_generic_room_3, uniq_pikel,
          uniq_prince_ribbit1, uniq_maggie
D:8:      layout_gridville, fiery_altar_vehumet, serial_shops, kennysheep_mini,
          kennysheep_diamond, uniq_gastronok
D:9:      layout_rooms, kennysheep_little_box, nicolae_overflow_hidden_temple

Skill      XL: |  1  2  3  4  5  6  7  8  9 10 |
---------------+-------------------------------+-----
Throwing       | 2 3 4 5 6 7 |  7.0
Axes           | 3 4 5 6 7 8 9 |  9.9
Dodging        | 3 4 5 6 7 |  7.3
Fighting       | 3 4 5 6 7 |  7.5

Action                   |  1- 3 |  4- 6 |  7- 9 | 10-12 || total
-------------------------+-------+-------+-------+-------++-------
Melee: War axe           |    98 |   148 |   212 |   107 ||   565
       Punch             |       |       |     3 |     1 ||     4
       Kick              |       |       |    33 |    33 ||    66
Throw: Boomerang         |       |     2 |     5 |       ||     7
       Dart              |       |       |     5 |       ||     5
       Javelin           |       |       |     1 |     2 ||     3
Invok: Shadow Step       |       |       |       |     2 ||     2
  Use: Scroll            |       |     6 |     7 |     2 ||    15
       Potion            |       |     3 |     5 |     3 ||    11
Armor: Leather armour    |    37 |    69 |   109 |       ||   215
       Swamp dragon scal |       |       |     6 |    65 ||    71
Dodge: Dodged            |    64 |   140 |   227 |    91 ||   522
